Match 42602946
Unlisted

Match 42602946
End
Scout Squad
Selects Airborne Battlegroup
Selects Pathfinders
Construct Weapon Support Center
Bazooka Squad
Mechanized Support Center
Construct Medical Station
Selects Paratrooper Squad Paradrop
Paratrooper Squad Paradrop
Paratrooper Squad Paradrop
Engineer Squad
M1919 Machine Gun Team
Paratrooper Squad Paradrop
Bran
DrewP
Dillbro
Soy un inútil
BOTJA
Nashorn101
0
0

Comments sign in to comment!

No comments posted yet!